 Dungeon Crawl Stone Soup version 0.29-a0-194-g6e3aafee17 (webtiles) character file.

Game seed: 2722950421964734909

8 bande the Covered (level 2, 0/19 HPs)
             Began as a Gargoyle Fighter on Feb 22, 2022.
             Slain by a kobold
             ... wielding a +0 club
              (3 damage)
             ... on level 1 of the Dungeon.
             The game lasted 00:00:31 (177 turns).

bande the Covered (Gargoyle Fighter)                 Turns: 177, Time: 00:00:32

Health: 0/19       AC:  9    Str: 19    XL:     2   Next: 8%
Magic:  2/2        EV:  9    Int:  8    God:
Gold:   8          SH:  4    Dex:  9    Spells: 1/1 levels left

rFire   . . .      SeeInvis .   a - +0 war axe
rCold   . . .      Faith    .   c - +0 buckler
rNeg    + . .      Spirit   .   b - +0 scale mail
rPois   ∞          Reflect  .   (no helmet)
rElec   +          Harm     .   (no cloak)
rCorr   .          Rampage  .   (no gloves)
Will    .....                   (no boots)
Stlth   ..........              (no amulet)
HPRegen 0.06/turn               (no ring)
MPRegen 0.08/turn               (no ring)

@: no status effects
A: sickness immunity, AC +2, negative energy resistance 1, electricity
resistance, torment resistance 1, petrification resistance
a: no special abilities


You were on level 1 of the Dungeon.
You visited 1 branch of the dungeon, and saw 1 of its levels.

You collected 8 gold pieces.

Inventory:

Hand Weapons
 a - a +0 war axe (weapon)
Armour
 b - a +0 scale mail (worn)
 c - a +0 buckler (worn)
Scrolls
 e - a scroll of enchant armour {unknown}
Potions
 d - a potion of might


   Skills:
 + Level 3.5 Fighting
 + Level 1.9 Axes
 + Level 3.5 Armour
 + Level 3.4 Shields


You had one spell level left.
You didn't know any spells.
Your spell library was empty.

Dungeon Overview and Level Annotations

Branches:
Dungeon (1/15)

Altars:


Innate Abilities, Weirdness & Mutations

You are immune to sickness and miasma.
Your stone body is resilient. (AC +2)
You are immune to poison.
You resist negative energy. (rN+)
You are resistant to electric shocks. (rElec)
You are resistant to unholy torment.
You are immune to petrification.


Message History

You block the frilled lizard's attack. The goblin closely misses you.
The goblin completely misses you.
Unknown command.
You slash the frilled lizard!
You kill the frilled lizard!
You hit the goblin.
You kill the goblin!
You hit the goblin.
You kill the goblin!
You barely miss the kobold. The kobold barely misses you.
The frilled lizard closely misses you. The kobold hits you but does no damage.
The kobold drinks a potion.
The kobold seems to grow stronger.
You have reached level 2!
You hit the rat.
You kill the rat!
You closely miss the frilled lizard. You closely miss the kobold.
You hit the kobold but do no damage.
The frilled lizard bites you but does no damage.
The kobold hits you with a +0 dagger. The kobold hits you with a +0 club.
Unknown command.
The frilled lizard completely misses you.
The kobold misses you. The kobold hits you but does no damage.
You see here a frilled lizard corpse.
Unknown command.
Unknown command.
You barely miss the kobold.
The kobold is moderately wounded.
You closely miss the kobold. You hit the frilled lizard.
You kill the frilled lizard!
The kobold barely misses you. The kobold hits you but does no damage.
You block the kobold's attack.
Unknown command.
You closely miss the kobold.
The kobold is moderately wounded.
You closely miss the kobold. You hit the goblin but do no damage.
The kobold hits you with a +0 club.
* * * LOW HITPOINT WARNING * * *
The goblin completely misses you. The kobold hits you but does no damage.
The kobold hits you with a +0 club.
You die...

#......# #......#
......... #......#
....$$. #......#
...... #......#
.... #.....$# ...
######...#######.#
...........?K..#)##
............K..#@.#
≈≈≈≈≈≈≈≈≈≈≈≈≈≈.gKK#
≈≈≈≈≈≈≈≈≈≈≈≈≈≈....#
≈≈≈≈≈≈≈≈≈≈≈≈≈≈....#
≈≈≈≈≈≈#+#'#≈≈≈....#
'###+##..('≈≈≈....#
......'...'≈≈≈...##
#####.###'#≈≈≈...#
#...#...'≈≈≈≈≈...#


You could see a goblin and 2 kobolds.

Vanquished Creatures
  2 goblins (D:1)
  A quokka (D:1)
  A ball python (D:1)
  3 frilled lizards (D:1)
  2 rats (D:1)
9 creatures vanquished.

Notes
Turn   | Place    | Note
-------+----------+-------------------------------------------
     0 | D:1      | bande the Gargoyle Fighter began the quest for the Orb.
     0 | D:1      | Reached XP level 1. HP: 14/14 MP: 1/1
   174 | D:1      | Reached XP level 2. HP: 16/19 MP: 2/2
   177 | D:1      | Slain by a kobold

Illustrated notes

Levels and vault maps discovered:
D:1:      dpeg_arrival_castle, layout_basic

Action                   || total
-------------------------++-------
Melee: War axe           ||    13
Armor: Scale mail        ||    18
Dodge: Dodged            ||    17
Block: Buckler           ||     6

Table legend: (Time is in decaauts)
 A = Elapsed time spent in this place.
 B = Non-inter-level travel time spent in this place.
 C = Inter-level travel time spent in this place.
 D = Time resting spent in this place.
 E = Time spent auto-exploring this place.
 F = Levels seen in this place.
 G = Mean time per level.
                   A        B        C        D        E       F      G
               +--------+--------+--------+--------+--------+-----+--------+
         Total |    184 |    184 |      0 |      0 |    115 |   1 |  184.0 |
       Dungeon |    184 |    184 |      0 |      0 |    115 |   1 |  184.0 |
               +--------+--------+--------+--------+--------+-----+--------+

Top non-repeatable levels by time:
     D:1: 184 daAuts
